 Dungeon Crawl Stone Soup version 0.30-a0-600-gb7c8574cbb (webtiles) character file.

Game seed: 5703789329577648328

3076 M4edhros the Insei (level 9, -2/61 HPs)
             Began as an Octopode Artificer on Jan 7, 2023.
             Slain by Pikel
             ... wielding a +1 whip of flaming
              (5 damage)
             ... on level 6 of the Dungeon.
             The game lasted 00:12:15 (2258 turns).

M4edhros the Insei (Octopode Artificer)             Turns: 2258, Time: 00:12:15

Health: -2/61      AC:  1    Str: 11    XL:     9   Next: 88%
Magic:  21/21      EV: 16    Int: 13    God:
Gold:   334        SH:  0    Dex: 17    Spells: 3/12 levels left

rFire   . . .      SeeInvis +      - Unarmed
rCold   . . .      Faith    .    (no shield)
rNeg    . . .      Spirit   .    (helmet restricted)
rPois   .          Reflect  .    f - amulet of regeneration
rElec   .          Harm     .    h - ring of wizardry
rCorr   .          Rampage  .    u - ring of see invisible
Will    .....                    x - ring of magical power
Stlth   +++++                    (no ring)
HPRegen 1.10/turn                (no ring)
MPRegen 0.17/turn                (no ring)
                                 (no ring)
                                 (no ring)

@: mighty
A: almost no armour, amphibious, 8 rings, camouflage 1, gelatinous body 1,
(nimble swimmer 1), tentacles
a: no special abilities


You were on level 6 of the Dungeon.
You visited 1 branch of the dungeon, and saw 7 of its levels.
You also visited: Bailey.

You collected 334 gold pieces.

Inventory:

Missiles
 e - 5 javelins
Jewellery
 f - an amulet of regeneration (around mantle)
 h - a ring of wizardry (left tentacle)
 u - a ring of see invisible (right tentacle)
 v - an amulet of guardian spirit
 x - a ring of magical power (on tentacle)
Wands
 b - a wand of charming (4) (quivered)
Scrolls
 a - a scroll of magic mapping {unknown}
 c - a scroll of summoning
 d - 2 scrolls of enchant armour
 g - a scroll of poison {unknown}
 k - a scroll of enchant weapon
 n - 5 scrolls of identify {unknown}
 o - 2 scrolls of blinking {unknown}
 p - a scroll of immolation {unknown}
 s - a scroll of noise {unknown}
 w - 2 scrolls of fog {unknown}
Potions
 i - 3 potions of curing
 j - a potion of brilliance {unknown}
 l - 5 potions of magic
 m - 3 potions of haste
 q - 2 potions of invisibility {unknown}
 r - a potion of mutation {unknown}
 t - 2 potions of heal wounds


   Skills:
 - Level 5.0 Fighting
 + Level 5.9 Dodging
 - Level 7.2 Stealth
 * Level 7.8 Unarmed Combat
 - Level 2.3 Spellcasting
 * Level 2.7 Transmutations
 + Level 1.8 Air Magic
 * Level 2.6 Earth Magic
 + Level 2.3 Poison Magic
 - Level 3.5 Evocations


You had 3 spell levels left.
You knew the following spells:

 Your Spells              Type           Power      Damage    Failure   Level
a - Statue Form           Tmut/Erth      5%         N/A       99%         6
b - Mephitic Cloud        Conj/Pois/Air  5%         N/A       16%         3

Your spell library contained the following spells:

 Spells                   Type           Power      Damage    Failure   Level
 Passwall                 Tmut/Erth      6%         N/A       4%          2
 Poisonous Vapours        Pois/Air       14%        N/A       6%          2
 Cigotuvi's Dreadful Rot  Necr/Pois/Air  10%        N/A       9%          2
 Swiftness                Air            6%         N/A       14%         3
 Ensorcelled Hibernation  Hex/Ice        2%         N/A       16%         2
 Leda's Liquefaction      Hex/Erth       2%         N/A       45%         4
 Lee's Rapid Deconstruct  Erth           4%         3d5*      63%         5


Dungeon Overview and Level Annotations

Branches:
Dungeon (7/15)             Bailey (visited)
 Temple: D:4-7

Altars:
Elyvilon
Kikubaaqudgha
Uskayaw
Zin
The Shining One

Annotations:
D:6 Pikel


Innate Abilities, Weirdness & Mutations

You cannot wear most types of armour.
You are amphibious.
You can wear up to eight rings at the same time.
Your skin changes colour to match your surroundings (Stealth+).
Your rubbery body absorbs attacks. (AC +1, EV +1)
((You are camouflaged when in or above water. (Stealth+)))
You have tentacles for arms and can constrict up to eight enemies at once.


Message History

You tentacle-slap the orc.
You kill the orc!
Things that are here:
a +0 sling; a +0 leather armour; an orc corpse
Okay, then.
Items here: ))) [[ †.
Okay, then.
You see here a hound corpse.
You barely miss Pikel. Your grab misses Pikel.
Pikel says, "All the lords of Hell know my name!"
Pikel drinks a potion.
Pikel goes berserk!
You tentacle-slap Pikel but do no damage.
Your grab misses Pikel. You squeeze Pikel.
Pikel is lightly wounded.
Pikel hits you with a +1 whip of flaming!
Pikel burns you.
A lemure comes into view.
You closely miss Pikel. You grab Pikel. You squeeze Pikel.
Pikel is moderately wounded.
You constrict Pikel, but do no damage. Pikel barely misses you.
You barely miss Pikel.
Pikel is moderately wounded.
You constrict Pikel, but do no damage.
Pikel hits you with a +1 whip of flaming!
Pikel burns you. Pikel barely misses you.
You feel very mighty all of a sudden.
You constrict Pikel, but do no damage. Pikel misses you.
You bludgeon Pikel! You squeeze Pikel!
Pikel is severely wounded.
You constrict Pikel.
Pikel hits you with a +1 whip of flaming!
Pikel burns you.
* * * LOW HITPOINT WARNING * * *
You tentacle-slap Pikel. You squeeze Pikel!
Pikel is almost dead.
You constrict Pikel.
Pikel hits you with a +1 whip of flaming!
* * * LOW HITPOINT WARNING * * *
Pikel burns you.
You die...

##.....#.#####.# #.#
.##....#....##.# #.#
.##.####.##.##.#####.#
.##.#######.##.....#.#
.##......<..##..##.#.#####
.....>..........#.......)#
.....########...#..#.....#
.##..#<.........##########
.....#######....@K..5...#
...........#....#######.#
....)......##.#..[....#.#
.#[..............####.#K#
.#<.......###.........#.#
..........# #..########.##
..........# #.......K....#
..........####.###########
.........))....#


You could see Pikel (berserk) and a lemure.

Vanquished Creatures
  An orc knight (Bailey)
  Prince Ribbit (D:5)
  3 orc warriors
  A black bear (D:4)
  2 sky beasts
  An ice beast (D:7)
  3 ogres
  A phantom (D:4)
  3 lemures (D:6)
  A gnoll sergeant (D:5)
  3 scorpions
  A crimson imp (D:7)
  7 hounds
  2 orc priests (D:7)
  3 iguanas
  An orc wizard (D:6)
  6 adders
  6 gnolls
  A white imp (D:7)
  An ufetubus (D:7)
  A worm (D:4)
  A dart slug (D:4)
  19 orcs
  3 ball pythons
  3 bats
  2 endoplasms (D:4)
  3 hobgoblins
  4 jackals (D:4)
  2 quokkas
  A frilled lizard (D:3)
  5 goblins
  3 kobolds (D:4)
95 creatures vanquished.

Vanquished Creatures (collateral kills)
  A hornet (D:7)
  Menkaure (D:7)
  3 orc warriors (Bailey)
  A gnoll (D:5)
  7 orcs (Bailey)
  3 goblins (D:7)
16 creatures vanquished.

Vanquished Creatures (others)
  2 orc warriors (Bailey)
  A goblin (D:4)
3 creatures vanquished.

Grand Total: 114 creatures vanquished

Notes
Turn   | Place    | Note
-------+----------+-------------------------------------------
     0 | D:1      | M4edhros the Octopode Artificer began the quest for the
                  | Orb.
     0 | D:1      | Reached XP level 1. HP: 13/13 MP: 1/1
   164 | D:2      | Reached XP level 2. HP: 18/18 MP: 2/2
   191 | D:2      | Reached skill level 1 in Unarmed Combat
   367 | D:4      | Reached XP level 3. HP: 21/23 MP: 3/3
   377 | D:4      | Noticed a phantom
   377 | D:4      | Noticed a sky beast
   381 | D:5      | Entered Level 5 of the Dungeon
   382 | D:5      | Noticed a gnoll sergeant
   435 | D:4      | You fall into a shaft and drop 3 floors!
   466 | D:7      | Noticed a sky beast
   474 | D:7      | Found a flagged portal.
   486 | D:7      | Reached XP level 4. HP: 27/29 MP: 4/4
   494 | D:7      | Killed a sky beast
   495 | D:7      | Reached skill level 1 in Spellcasting
   495 | D:7      | Reached XP level 5. HP: 20/34 MP: 4/6
   548 | D:7      | Noticed an ice beast
   584 | Bailey   | Entered a bailey
   590 | Bailey   | Noticed an orc warrior
   623 | Bailey   | Noticed an orc warrior
   623 | Bailey   | Noticed an orc warrior
   624 | Bailey   | Noticed an orc warrior
   627 | Bailey   | Killed an orc warrior
   628 | Bailey   | Reached XP level 6. HP: 41/41 MP: 6/8
   629 | Bailey   | Killed an orc warrior
   692 | Bailey   | Noticed an orc knight
   692 | Bailey   | Noticed an orc warrior
   702 | Bailey   | Noticed an orc warrior
   702 | Bailey   | Noticed an orc warrior
   711 | Bailey   | Killed an orc warrior
   712 | Bailey   | Reached XP level 7. HP: 30/45 MP: 8/10
   715 | Bailey   | Noticed an orc knight
   772 | Bailey   | Killed an orc knight
   773 | Bailey   | Reached skill level 5 in Stealth
   773 | Bailey   | Reached skill level 5 in Unarmed Combat
   773 | Bailey   | Reached XP level 8. HP: 54/54 MP: 11/11
   827 | D:7      | Noticed a hornet
   828 | D:7      | Noticed Menkaure
   838 | D:7      | Killed a hornet
   839 | D:7      | Reached skill level 5 in Dodging
   840 | D:7      | Killed Menkaure
   851 | D:7      | Noticed a +0 short sword
   851 | D:7      | Noticed a +0 falchion
   851 | D:7      | Noticed a +0 short sword
   863 | D:7      | Noticed a +0 dagger
   865 | D:7      | Noticed a +0 dagger
   866 | D:7      | Noticed a +0 spear
   866 | D:7      | Noticed a +0 falchion
   867 | D:7      | Noticed a +0 spear
   869 | D:7      | Found a hide-covered altar of Uskayaw.
   933 | D:7      | Reached XP level 9. HP: 55/59 MP: 12/12
  1138 | D:6      | Noticed Pikel
  1329 | D:5      | Found an ancient bone altar of Kikubaaqudgha.
  1358 | D:5      | Reached skill level 5 in Fighting
  1421 | D:6      | Learned a level 6 spell: Statue Form
  1425 | D:6      | Learned a level 3 spell: Mephitic Cloud
  1455 | D:5      | Found a glowing silver altar of Zin.
  1455 | D:5      | Found a glowing golden altar of the Shining One.
  1455 | D:5      | Found a white marble altar of Elyvilon.
  1536 | D:5      | Noticed Prince Ribbit
  1544 | D:5      | Killed Prince Ribbit
  1545 | D:5      | Reached skill level 1 in Transmutations
  1545 | D:5      | Reached skill level 1 in Earth Magic
  1607 | D:4      | Reached skill level 1 in Poison Magic
  1683 | D:4      | Reached skill level 1 in Air Magic
  2258 | D:6      | HP: 3/61 [Pikel/+1 whip of flaming (14)]
  2258 | D:6      | Slain by Pikel

Illustrated notes

Levels and vault maps discovered:
D:1:      elethiomel_arrival_shortcut, layout_rooms
D:2:      minmay_general_purpose_star, layout_basic, uniq_natasha,
          uniq_crazy_yiuf_cottage
D:3:      layout_basic, beargit_hepliaklqana_dungeon_heroes,
          nicolae_ecumenical_lake_church, kennysheep_cluttered_room
D:4:      layout_loops_ring
D:5:      layout_loops_ring, good_gods_temple_1, kennysheep_mini, uniq_duvessa,
          uniq_blork_the_orc, uniq_prince_ribbit1
D:6:      layout_basic, minmay_temple_entry_butterflies, minmay_misc_feat_cross,
          uniq_pikel
D:7:      layout_rooms, nicolae_overflow_crystal_walls,
          nicolae_uskayaw_en_pointe, enter_bailey_5, minmay_fire_ice_demons,
          uniq_menkaure

Skill      XL: |  1  2  3  4  5  6  7  8  9 |
---------------+----------------------------+-----
Unarmed Combat | 1 2 3 4 5 6 7 |  7.8
Stealth        | 2 3 4 5 6 7 |  7.2
Fighting       | 2 3 4 5 |  5.0
Dodging        | 3 4 5 |  5.9
Spellcasting   | 1 2 |  2.3
Transmutations | 2 |  2.7
Earth Magic    | 2 |  2.6
Poison Magic   | 2 |  2.3
Air Magic      | 1 |  1.8
Evocations     | |  3.5

Action                   |  1- 3 |  4- 6 |  7- 9 || total
-------------------------+-------+-------+-------++-------
Melee: Unarmed           |    41 |     8 |   181 ||   230
       Tentacles         |    11 |     3 |    60 ||    74
       Constrict         |    14 |     1 |    49 ||    64
       Punch             |     1 |     1 |    15 ||    17
Evoke: Wand              |     2 |    20 |    15 ||    37
  Use: Potion            |       |     4 |     4 ||     8
       Scroll            |       |       |     2 ||     2
 Stab: Sleeping          |     6 |       |    11 ||    17
       Betrayed ally     |       |       |     1 ||     1
Armor: Skin              |     3 |       |     1 ||     4
Dodge: Dodged            |    28 |    10 |    94 ||   132

Table legend: (Time is in decaauts)
 A = Elapsed time spent in this place.
 B = Non-inter-level travel time spent in this place.
 C = Inter-level travel time spent in this place.
 D = Time resting spent in this place.
 E = Time spent auto-exploring this place.
 F = Levels seen in this place.
 G = Mean time per level.
                   A        B        C        D        E       F      G
               +--------+--------+--------+--------+--------+-----+--------+
         Total |   2193 |   2096 |     97 |      0 |    381 |   8 |  274.1 |
       Dungeon |   2032 |   1935 |     97 |      0 |    377 |   7 |  290.3 |
        Bailey |    160 |    160 |      0 |      0 |      4 |   1 |  160.0 |
               +--------+--------+--------+--------+--------+-----+--------+

Top non-repeatable levels by time:
     D:4: 488 daAuts
     D:5: 468 daAuts
     D:7: 434 daAuts
     D:6: 299 daAuts
  Bailey: 160 daAuts
     D:2: 153 daAuts
     D:1: 111 daAuts
     D:3: 76 daAuts
